 Dungeon Crawl Stone Soup version 0.30-a0-476-g330ca2eb8e (webtiles) character file.

Game seed: 6089651919029522814

816 themarg the Conjurer (level 7, -1/51 HPs)
             Began as a Black Draconian Conjurer on Dec 21, 2022.
             Succumbed to an orc wizard's poison
             ... on level 5 of the Dungeon.
             The game lasted 00:15:26 (5454 turns).

themarg the Conjurer (Black Draconian Conjurer)     Turns: 5454, Time: 00:15:26

Health: -1/51      AC: 11    Str:  9    XL:     7   Next: 62%
Magic:  8/14       EV: 12    Int: 20    God:
Gold:   205        SH:  0    Dex: 10    Spells: 13/16 levels left

rFire   . . .      SeeInvis .    e - +2 war axe (venom)
rCold   . . .      Faith    .    (no shield)
rNeg    . . .      Spirit   .    (body armour unavailable)
rPois   .          Reflect  .    (helmet restricted)
rElec   +          Harm     .    (no cloak)
rCorr   .          Rampage  .    (no gloves)
Will    .....                    i - +0 pair of boots
Stlth   ++........               (no amulet)
HPRegen 0.28/turn                h - +4 ring of protection
MPRegen 0.14/turn                (no ring)

@: mighty, lethally poisoned (-1 -> -27), hasted, invisible, very quick
A: breathe lightning, AC +6, unfitting armour, electricity resistance,
cold-blooded
a: Breathe Lightning


You were on level 5 of the Dungeon.
You visited 1 branch of the dungeon, and saw 5 of its levels.

You collected 205 gold pieces.

Inventory:

Hand Weapons
 d - a +1 mace of distortion
 e - a +2 war axe of venom (weapon)
Missiles
 b - 21 stones
 k - 5 javelins
Armour
 i - a +0 pair of boots (worn)
Jewellery
 h - a +4 ring of protection (left hand)
 y - a ring of magical power
Wands
 r - a wand of paralysis (7)
 u - a wand of flame (17)
 x - a wand of quicksilver (9)
Scrolls
 c - 2 scrolls of teleportation {unknown}
 j - a scroll of fear {unknown}
 m - a scroll of enchant weapon {unknown}
 s - a scroll of silence {unknown}
 t - a scroll of noise {unknown}
 w - a scroll of poison {unknown}
Potions
 a - a potion of magic
 f - a potion of brilliance
 g - 2 potions of attraction
 n - a potion of curing {unknown}
 o - a potion of invisibility
 p - a potion of haste
 q - a potion of experience {unknown}
 v - 3 potions of flight {unknown}


   Skills:
 + Level 0.7 Fighting
 - Level 1.7 Dodging
 - Level 3.0 Stealth
 - Level 5.0 Spellcasting
 * Level 7.4 Conjurations
 + Level 0.5 Hexes
 + Level 0.6 Translocations


You had 13 spell levels left.
You knew the following spells:

 Your Spells              Type           Power      Damage    Failure   Level
a - Magic Dart            Conj           100%       1d8       1%          1
b - Searing Ray           Conj           68%        2d6       1%          2

Your spell library contained the following spells:

 Spells                   Type           Power      Damage    Failure   Level
 Dazzling Flash           Conj/Hex       42%        N/A       7%          3
 Stone Arrow              Conj/Erth      38%        3d9       8%          3
 Sandblast                Erth           10%        2d5       12%         1
 Ensorcelled Hibernation  Hex/Ice        12%        N/A       16%         2
 Passwall                 Tmut/Erth      4%         N/A       17%         2
 Fulminant Prism          Conj/Hex       10%        3d8       22%         4
 Iskenderun's Mystic Bla  Conj/Tloc      21%        2d6       22%         4
 Spider Form              Tmut/Pois      5%         N/A       34%         3
 Anguish                  Hex/Necr       3%         N/A       71%         4


Dungeon Overview and Level Annotations

Branches:
Dungeon (5/15)
 Temple: D:4-7

Altars:
Nemelex Xobeh
Ru
Uskayaw

Shops:
D:1 (

Annotations:
D:4 3 runed translucent doors, oldriver's ghost, amateur BaHs


Innate Abilities, Weirdness & Mutations

You can breathe wild blasts of lightning.
Your glossy black scales are hard. (AC +6)
You cannot fit into any form of body armour.
You are resistant to electric shocks. (rElec)
You are cold-blooded and may be slowed by cold attacks.


Message History

The orc wizard flickers and vanishes!
Deactivating autopickup; reactivate with Ctrl-A.
Something hits you but does no damage.
You barely miss something. Your punch misses something.
Something hits you but does no damage.
You are poisoned.
You closely miss something. You tail-slap something.
You feel sick. Something hits you but does no damage.
You are more poisoned.
Something hits you.
You are more poisoned.
You miss something.
You feel extremely sick. Something hits you but does no damage.
You are more poisoned.
You miss something.
You feel extremely sick.
Something hits you but does no damage. x2
You are more poisoned.
You barely miss something.
You feel extremely sick.
The hound stops to sniff the ground.
Something hits you.
You are lethally poisoned!
It was a potion of invisibility.
You fade into invisibility!
You feel extremely sick. Something hits you.
* * * LOW HITPOINT WARNING * * *
* * * LOW HITPOINT WARNING * * *
You feel very sick.
You see here a scorpion corpse.
It was a potion of might.
You feel very mighty all of a sudden.
* * * LOW HITPOINT WARNING * * *
You feel very sick. Something hits you but does no damage.
You are more poisoned.
It was a potion of haste.
You feel yourself speed up.
You die...

##.. #.. .# #.# ## #.#
#.# ..# #.# #h#
#.######.# #o#
#[##...#.# #o#
#.##...#.# #.#
####.##...#.## #@#
..##.........###.#.####
...#..................?.
#..#.....<...##.#..#####
#..#.##...#.##.###....
#..#.##...#.### #####
............#
#.##########. ..# .


You could see a hound and 2 orcs.

Vanquished Creatures
  A phantom (D:4)
  A necrophage (D:4)
  2 scorpions
  A howler monkey (D:4)
  3 jellies (D:2)
  2 orc priests
  Terence (D:2)
  Jessica (D:2)
  2 iguanas
  Ijyb (D:3)
  An orc wizard (D:4)
  8 gnolls
  5 adders
  2 worms
  2 dart slugs
  5 orcs (D:4)
  5 bats
  11 endoplasms
  A giant cockroach (D:3)
  11 hobgoblins
  6 jackals
  11 kobolds
  5 quokkas
  8 ball pythons
  A frilled lizard (D:3)
  11 goblins
  2 rats
110 creatures vanquished.

Vanquished Creatures (others)
  4 fungi (D:2)
  20 plants (D:2)
  8 toadstools (D:2)
32 creatures vanquished.

Grand Total: 142 creatures vanquished

Notes
Turn   | Place    | Note
-------+----------+-------------------------------------------
     0 | D:1      | themarg the Draconian Conjurer began the quest for the Orb.
     0 | D:1      | Reached XP level 1. HP: 14/14 MP: 3/3
   277 | D:1      | Reached XP level 2. HP: 20/20 MP: 0/5
   280 | D:1      | Learned a level 2 spell: Searing Ray
   527 | D:1      | Found Nezxuarph's Weapon Shop.
  1210 | D:2      | Noticed Terence
  1430 | D:1      | Reached XP level 3. HP: 22/26 MP: 2/7
  1805 | D:3      | Found a sparkling altar of Nemelex Xobeh.
  1833 | D:3      | Found a hide-covered altar of Uskayaw.
  2121 | D:3      | Noticed Ijyb
  2132 | D:3      | Reached XP level 4. HP: 33/33 MP: 0/8
  2712 | D:3      | Paralysed by Ijyb for 5 turns
  2721 | D:3      | Killed Ijyb
  2815 | D:3      | Reached XP level 5. HP: 38/38 MP: 4/10
  3068 | D:2      | Noticed Jessica
  3073 | D:2      | Killed Jessica
  3074 | D:2      | Reached skill level 5 in Conjurations
  3368 | D:2      | Killed Terence
  3728 | D:2      | Reached XP level 6. HP: 45/45 MP: 6/12
  4314 | D:4      | Found a runed translucent gate.
  4324 | D:4      | Reached skill level 6 in Conjurations
  4379 | D:4      | Found a runed translucent gate.
  4447 | D:4      | Found a runed translucent gate.
  4490 | D:4      | Noticed oldriver's ghost (amateur BaHs)
  4590 | D:4      | Reached skill level 5 in Spellcasting
  4590 | D:4      | Your scales start taking on a glossy black colour.
  4590 | D:4      | Reached XP level 7. HP: 40/50 MP: 3/14
  4590 | D:4      | Gained mutation: You are resistant to electric shocks.
                  | (rElec) [Black Draconian growth]
  4917 | D:4      | Found a sacrificial altar of Ru.
  4995 | D:4      | Reached skill level 7 in Conjurations
  5380 | D:5      | Entered Level 5 of the Dungeon
  5454 | D:5      | Succumbed to an orc wizard's poison

Illustrated notes

Levels and vault maps discovered:
D:1:      amcnicky_arrival_choice, layout_loops_ring, serial_shops, shop
D:2:      cheibrodos_fertilizer, layout_rooms, serial_bayou,
          serial_bayou_lake_a, serial_bayou_crossing, serial_bayou_lagoon_a,
          serial_bayou_shore_b, minmay_strange_pillars, uniq_jessica,
          uniq_terence
D:3:      kennysheep_the_goblin_king, layout_basic,
          mainiacjoe_overflow_catch_the_wave, corexii_item_surrounded_by_moat,
          hex_tiny, grunt_ministairs_13, uniq_ijyb
D:4:      layout_loops_ring, nicolae_ru_great_annihilating_truth,
          gammafunk_ghost_icy
D:5:      layout_loops_ring, minmay_temple_entry_slanted,
          chequers_serial_rivers_micro_c, chequers_serial_rivers_room_b,
          minivault_5, amethyst_killhole, minmay_circle_x

Skill      XL: |  1  2  3  4  5  6  7 |
---------------+----------------------+-----
Stealth        | 2 3 |  3.0
Spellcasting   | 3 4 5 |  5.0
Conjurations   | 5 6 7 |  7.4
Fighting       | |  0.7
Dodging        | |  1.7
Hexes          | |  0.5
Translocations | |  0.6

Action                   |  1- 3 |  4- 6 |  7- 9 || total
-------------------------+-------+-------+-------++-------
Melee: Unarmed           |     6 |       |       ||     6
       War axe           |       |    23 |     8 ||    31
       Tailslap          |       |     3 |     1 ||     4
 Cast: Magic Dart        |    47 |    16 |     6 ||    69
       Searing Ray       |    14 |    35 |    12 ||    61
  Use: Scroll            |     4 |     1 |       ||     5
       Potion            |       |     1 |     3 ||     4
Armor: Skin              |    16 |    15 |    11 ||    42
Dodge: Dodged            |     7 |    25 |     6 ||    38

Table legend: (Time is in decaauts)
 A = Elapsed time spent in this place.
 B = Non-inter-level travel time spent in this place.
 C = Inter-level travel time spent in this place.
 D = Time resting spent in this place.
 E = Time spent auto-exploring this place.
 F = Levels seen in this place.
 G = Mean time per level.
                   A        B        C        D        E       F      G
               +--------+--------+--------+--------+--------+-----+--------+
         Total |   5525 |   5266 |    259 |   1198 |   3327 |   5 | 1105.0 |
       Dungeon |   5525 |   5266 |    259 |   1198 |   3327 |   5 | 1105.0 |
               +--------+--------+--------+--------+--------+-----+--------+

Top non-repeatable levels by time:
     D:3: 1506 daAuts
     D:2: 1477 daAuts
     D:1: 1393 daAuts
     D:4: 1091 daAuts
     D:5: 56 daAuts
